 Dungeon Crawl Stone Soup version 0.24-a0-252-g5076262 (webtiles) character file.

Game seed: 16258085909772837626

165 suvakkihuora the Chopper (level 5, 0/42 HPs)
             Began as a Formicid Monk on Apr 17, 2019.
             Was a Believer of Okawaru.
             Succumbed to a worker ant's poison
             ... on level 4 of the Dungeon.
             The game lasted 00:06:05 (2787 turns).

suvakkihuora the Chopper (Formicid Monk)            Turns: 2787, Time: 00:06:05

Health: 0/42       AC:  5    Str: 21    XL:     5   Next: 75%
Magic:  15/15      EV: 18    Int: 15    God:    Okawaru [**....]
Gold:   145        SH:  5    Dex: 18    Spells: 4/4 levels left

rFire    . . .     SeeInvis +   a - +0 hand axe
rCold    . . .     Gourm    .   d - +0 buckler
rNeg     . . .     Faith    .   f - +0 leather armour
rPois    .         Spirit   .   (helmet unavailable)
rElec    .         Reflect  .   (no cloak)
rCorr    .         Harm     .   i - +0 pair of gloves (curse)
MR       .....                  s - +0 pair of boots
Stlth    +++.......             (no amulet)
HPRegen  0.14/turn              k - ring of magical power
MPRegen  0.14/turn              (no ring)

@: mighty, brilliant, agile, lethally poisoned (0 -> -5), flying, very slightly
contaminated, invisible
A: permanent stasis, dig shafts and tunnels, four strong arms, antennae 3
a: Dig, Shaft Self, Heroism, Renounce Religion


You were on level 4 of the Dungeon.
You worshipped Okawaru.
Okawaru was pleased with you.
You were not hungry.

You visited 1 branch of the dungeon, and saw 4 of its levels.

You collected 145 gold pieces.

Inventory:

Hand Weapons
 a - a +0 hand axe (weapon)
Missiles
 l - 2 javelins of penetration (quivered)
Armour
 d - a +0 buckler (worn)
 f - a +0 leather armour (worn)
 i - a cursed +0 pair of gloves (worn)
 s - a +0 pair of boots (worn)
Jewellery
 k - a ring of magical power (left hand)
Scrolls
 m - 2 scrolls of identify {unknown}
 n - a scroll of fog {unknown}
 q - a scroll of noise {unknown}
 r - a scroll of fear {unknown}
Potions
 h - 4 potions of agility
 j - a potion of might
 o - a potion of berserk rage
 p - a potion of invisibility
Comestibles
 c - 7 rations


   Skills:
 + Level 3.9 Fighting
 * Level 4.7 Axes
 - Level 2.6 Dodging
 - Level 2.4 Stealth
 - Level 2.4 Shields
 + Level 1.9 Invocations


You had 4 spell levels left.
You didn't know any spells.
Your spell library was empty.

Dungeon Overview and Level Annotations

Branches:
Dungeon (4/15)
 Temple: D:4-7

Altars:
Okawaru
Xom


Innate Abilities, Weirdness & Mutations

You cannot be hasted, slowed, berserked, paralysed or teleported.
You can dig through walls and to a lower floor.
Your four strong arms can wield two-handed weapons with a shield.
You have a pair of large antennae on your head. (SInv)


Message History

You feel sick.
You are very lightly contaminated with residual magic.
It was a potion of flight.
You feel very buoyant.
You fly up into the air.
* * * LOW HITPOINT WARNING * * *
You feel sick.
It was a potion of brilliance.
You feel clever all of a sudden.
* * * LOW HITPOINT WARNING * * *
You feel sick.
Okay, then.
Unknown command.
Unknown command.
You swing at nothing.
You swing at nothing.
* * * LOW HITPOINT WARNING * * *
You feel sick.
You swing at nothing.
You die...

............>..${...
............(......#
................####
..............###
#...<......#...#####
........^..........###
.#####....>..........#
# #<.........†....#
#..........(@....#
#................#
##..........>....#
#...............#
#...............#
..............#
............##
............


There were no monsters in sight!

Vanquished Creatures
  A scorpion (D:4)
  A worker ant (D:4)
  3 adders
  An ooze (D:1)
  4 dart slugs
  An orc (D:3)
  A ball python (D:1)
  6 bats
  5 giant cockroaches
  7 goblins
  4 hobgoblins
  2 quokkas
  2 frilled lizards (D:1)
  9 kobolds
  7 rats
54 creatures vanquished.

Notes
Turn   | Place    | Note
-------+----------+-------------------------------------------
     0 | D:1      | suvakkihuora the Formicid Monk began the quest for the Orb.
     0 | D:1      | Reached XP level 1. HP: 18/18 MP: 1/1
   229 | D:1      | Reached XP level 2. HP: 17/24 MP: 2/2
   700 | D:1      | Reached skill level 1 in Shields
   700 | D:1      | Reached XP level 3. HP: 25/29 MP: 3/3
   965 | D:2      | Found a shimmering altar of Xom.
   966 | D:2      | Found a shimmering altar of Xom.
   967 | D:2      | Found a shimmering altar of Xom.
  1017 | D:2      | Found an iron altar of Okawaru.
  1030 | D:2      | Became a worshipper of Warmaster Okawaru
  1030 | D:2      | Reached * piety under Okawaru
  1030 | D:2      | Reached ** piety under Okawaru
  1295 | D:2      | Reached skill level 4 in Axes
  1295 | D:2      | Reached XP level 4. HP: 26/35 MP: 4/4
  2007 | D:3      | Reached skill level 1 in Invocations
  2714 | D:4      | Reached XP level 5. HP: 10/42 MP: 6/6
  2784 | D:4      | HP: 2/42 [poisoned by a worker ant]
  2787 | D:4      | Succumbed to a worker ant's poison

Levels and vault maps discovered:
D:1:      matt_arrival_spirals, layout_basic
D:2:      layout_basic, okawaru_trees_2, xom_redecorated
D:3:      layout_basic
D:4:      layout_cave_pods, minmay_fire_ice_demons

Skill      XL: |  1  2  3  4 |
---------------+-------------+-----
Shields        | 1 2 |  2.4
Axes           | 4 |  4.7
Invocations    | 1 |  1.9
Fighting       | |  3.9
Dodging        | |  2.6
Stealth        | |  2.4

Action                   |  1- 3 |  4- 6 || total
-------------------------+-------+-------++-------
Melee: Hand axe          |   117 |    92 ||   209
Throw: Javelin           |       |     5 ||     5
Invok: Heroism           |       |     1 ||     1
  Use: Potion            |       |     8 ||     8
 Stab: Sleeping          |     8 |     1 ||     9
  Eat: Chunk             |     1 |     5 ||     6
Armor: Robe              |    24 |     6 ||    30
       Leather armour    |       |    10 ||    10
Dodge: Dodged            |    55 |    46 ||   101
Block: Buckler           |    24 |    14 ||    38

Table legend:
 A = Non-vault XP
 B = Vault XP
 C = Vault XP percentage of total XP
 D = Non-vault monster count
 E = Vault monster count
 F = Vault count percentage of total count
                 A         B        C        D         E       F
            +---------+---------+-------+---------+---------+-------
      Total |     237 |       0 |   0.0 |      54 |       0 |   0.0
            +---------+---------+-------+---------+---------+-------
        D:1 |      38 |       0 |   0.0 |      20 |       0 |   0.0
        D:2 |      55 |       0 |   0.0 |      18 |       0 |   0.0
        D:3 |      41 |       0 |   0.0 |      14 |       0 |   0.0
        D:4 |     103 |       0 |   0.0 |       2 |       0 |   0.0
            +---------+---------+-------+---------+---------+-------
